 Dungeon Crawl Stone Soup version 0.29-a0-459-g97dee8cd24 (webtiles) character file.

Game seed: 13204326998966726361

295 spiderkeys the Skirmisher (level 6, -10/48 HPs)
             Began as a Mummy Abyssal Knight on May 20, 2022.
             Was a Priest of Lugonu.
             Killed from afar by Blork the orc (21 damage)
             ... with a puff of flame
             ... on level 4 of the Dungeon.
             The game lasted 00:04:20 (4284 turns).

spiderkeys the Skirmisher (Mummy Abyssal Knight)    Turns: 4284, Time: 00:04:21

Health: -10/48     AC:  8    Str: 19    XL:     6   Next: 11%
Magic:  8/8        EV: 14    Int:  9    God:    Lugonu [***...]
Gold:   132        SH:  0    Dex: 12    Spells: 5/5 levels left

rFire   x . .      SeeInvis .   d - +2 hand axe (freeze)
rCold   + . .      Faith    .   (no shield)
rNeg    + + +      Spirit   .   g - +0 ring mail
rPois   ∞          Reflect  .   (no helmet)
rElec   .          Harm     .   i - scarf {repulsion}
rCorr   .          Rampage  .   s - +0 pair of gloves
Will    +....                   m - +1 pair of boots
Stlth   +.........              (no amulet)
HPRegen 0.16/turn               E - +4 ring of evasion
MPRegen 0.11/turn               q - ring of willpower

@: repel missiles
A: cold resistance 1, negative energy resistance 3, torment resistance 2, heat
vulnerability 1, in touch with death 1, no potions
a: Renounce Religion, Depart the Abyss, Bend Space, Banish


You were on level 4 of the Dungeon.
You worshipped Lugonu.
Lugonu was most pleased with you.
You visited 1 branch of the dungeon, and saw 4 of its levels.
You visited the Abyss 1 time.

You collected 132 gold pieces.


Innate Abilities, Weirdness & Mutations

You are immune to poison.
Your flesh is cold resistant. (rC+)
You are immune to negative energy. (rN+++)
You are immune to unholy pain and torment.
You are vulnerable to heat. (rF-)
You are in touch with the powers of death.
You do not drink.


   Skills:
 + Level 4.2 Fighting
 + Level 2.2(2.5) Axes
 - Level 1.5(2.2) Polearms
 + Level 2.9 Armour
 - Level 1.0 Dodging
 + Level 3.2 Invocations


You had 5 spell levels left.
You didn't know any spells.
Your spell library contained the following spells:

 Spells                   Type           Power      Damage    Failure   Level
 Ensorcelled Hibernation  Hex/Ice        0%         N/A       71%         2
 Anguish                  Hex/Necr       0%         N/A       100%        4
 Alistair's Intoxication  Tmut/Pois      0%         N/A       100%        5
 Borgnjor's Vile Clutch   Necr/Erth      0%         N/A       100%        5
 Eringya's Noxious Bog    Tmut/Pois      0%         N/A       100%        6
 Spider Form              Tmut/Pois      Unusable   N/A       N/A         3

Inventory:

Hand Weapons
 a - a +1 spear
 d - a +2 hand axe of freezing (weapon)
   (You found it on level 1 of the Dungeon)
 l - a +0 war axe
   (You found it on level 2 of the Dungeon)
Missiles
 j - 166 stones
Armour
 e - a +0 ring mail
   (You took it off a hobgoblin on level 3 of the Dungeon)
 g - a +0 ring mail (worn)
   (You found it on level 1 of the Dungeon)
 i - a scarf of repulsion (worn)
   (You found it on level 2 of the Dungeon)
 k - a +0 robe
   (You found it on level 3 of the Dungeon)
 m - a +1 pair of boots (worn)
   (You found it on level 2 of the Dungeon)
 n - a +0 leather armour
   (You found it on level 3 of the Dungeon)
 s - a +0 pair of gloves (worn)
   (You found it on level 3 of the Dungeon)
Jewellery
 q - a ring of willpower (right hand)
   (You found it on level 4 of the Dungeon)
 E - a +4 ring of evasion (left hand)
   (You found it on level 4 of the Dungeon)
Wands
 b - a wand of acid (10)
   (You found it on level 3 of the Dungeon)
 o - a wand of digging (5)
   (You took it off a kobold on level 2 of the Dungeon)
Scrolls
 c - 2 scrolls of enchant weapon {unknown}
 f - a scroll of enchant armour {unknown}
 h - 3 scrolls of teleportation {unknown}
 p - a scroll of vulnerability {unknown}
 r - 2 scrolls of identify {unknown}

Dungeon Overview and Level Annotations

Branches:
Dungeon (4/15)
 Temple: D:4-7

Altars:

Shops:
D:1 [

Annotations:
D:4 Blork the orc, Menkaure

#.# #.# #.# #.# #.# #.# #.# #.#
##########.# #K# #.#
...........####################..
.#########.....##................
## #.# #.....##................
#.# #.....##M..........†.... ##
#.# #.....).o#############.. .##
#.####....##@.# #g# #..
..###............## #.# #..
..##..........#### #.# #..
..............# #.# #..
.......#.#.#..# #.# #..
...###........##### #.# ## ..##
#.#.#.#......# ..# #.......######
..# #.#.#.#.#


You could see Blork the orc (fast) and Menkaure (fast).


Message History

You closely miss the goblin. The goblin barely misses you.
You hit the goblin. You freeze the goblin.
You kill the goblin!
Lugonu accepts your kill.
No target in view!
No target in view!
You now have 132 gold pieces (gained 37).
You see here a +0 dagger.
q - a ring of willpower
q - a ring of willpower (right hand)
r - 2 scrolls labelled SAURAI QULESTRE (gained 1)
Found a stone staircase leading down.
Key pressed, stopping explore.
You see here a +0 dagger.
A howler monkey comes into view.
The howler monkey hoots and howls with incredible vigour!
You hear a shout! x2
A jelly comes into view.
The howler monkey hits you but does no damage.
You hit the howler monkey. You freeze the howler monkey.
The howler monkey hoots and howls with incredible vigour!
The howler monkey misses you.
You hear a shout!
You hit the howler monkey. You freeze the howler monkey.
The howler monkey barely misses you.
A kobold comes into view. It is wielding a +0 whip.
You hit the howler monkey. You freeze the howler monkey.
You kill the howler monkey!
Lugonu accepts your kill.
You slash the jelly! You freeze the jelly.
Your hands burn!
The jelly hits you but does no damage. 😕 HP[-1]
You take 1 damage, and now have 41/42 hp.
You slash the jelly! You freeze the jelly.
You kill the jelly!
Lugonu accepts your kill.
You have reached level 6! 😕 HP[+6] MP[+1]
You now have 48 max hp (+6).
You regained 6 hp, and now have 47/48 hp.
Your mp is fully restored (8).
A kobold is nearby!
A kobold is nearby!
A kobold is nearby!
You see here a howler monkey corpse.
Blork the orc comes into view.
He is wielding a +0 glaive and wearing a +2 robe of positive energy.
Blork the orc shouts! 😎 HP[+1]
Your hp is fully restored (48).
Okay, then.
Menkaure, Prince of Dust comes into view.
Menkaure shouts!
Blork the orc screams, "I'm going to kill you!"
You see here a howler monkey corpse.
Blork the orc points at you and mumbles some strange words.
The puff of frost misses you.
Blork the orc miscasts a cantrip.
Blork the orc gestures wildly while chanting.
Blork the orc seems to speed up.
Blork the orc points at you and mumbles some strange words.
The puff of frost misses you.
You start waiting.
Blork the orc is nearby!
Blork the orc hits you from afar with a +0 glaive!
Blork the orc barely misses you. 😕 HP[-10]
You take 10 damage, and now have 38/48 hp.
MASSIVE DAMAGE!! (PAUSE) Blork the orc hits you with a +0 glaive. 😮 HP[-6]
You take 6 damage, and now have 32/48 hp.
You hit Blork the orc. You freeze Blork the orc.
Blork the orc hits you with a +0 glaive.
Blork the orc misses you.
Menkaure casts a spell.
Menkaure seems to speed up. 😮 HP[-4]
You take 4 damage, and now have 28/48 hp.
You hit Blork the orc but do no damage.
Blork the orc looks angry.
Blork the orc closely misses you.
Blork the orc hits you with a +0 glaive!
* * * LOW HITPOINT WARNING * * *
😨 HP[-15]
You take 15 damage, and now have 13/48 hp.
MASSIVE DAMAGE!! (PAUSE)
You closely miss Blork the orc. Your punch misses Blork the orc.
Blork the orc casts a spell at you. The magic dart hits you.
* * * LOW HITPOINT WARNING * * *
😱 HP[-3]
You take 3 damage, and now have 10/48 hp.
You hit Blork the orc but do no damage. Blork the orc barely misses you.
Menkaure whispers in an indecipherable tongue.
Blork the orc closely misses you. 😱 HP[+1]
You hit Blork the orc. You freeze Blork the orc.
Blork the orc points at you and mumbles some strange words.
The puff of flame hits you!! The fire burns you terribly!
You die...

Skill      XL: |  1  2  3  4 |
---------------+-------------+-----
Dodging        | 1 |  1.0
Invocations    | 2 3 |  3.2
Armour         | 2 |  2.9
Axes           | 1 2 |  2.2
Fighting       | 4 |  4.2
Polearms       | |  1.5

Action                   |  1- 3 |  4- 6 || total
-------------------------+-------+-------++-------
Melee: Hand axe          |    47 |    82 ||   129
       Punch             |       |     1 ||     1
Invok: Bend Space        |     4 |       ||     4
Evoke: Wand              |       |     2 ||     2
Armor: Leather armour    |     4 |       ||     4
       Ring mail         |    11 |    52 ||    63
Dodge: Dodged            |    44 |    84 ||   128
       Repelled          |       |     1 ||     1

Levels and vault maps discovered:
D:1:      lightli_arrival_lavapool, layout_loops_corners, serial_shops, shop,
          shapermc_ecumenical_altar_mp_vishouse
D:2:      layout_basic
D:3:      layout_rooms
D:4:      layout_rooms, serial_co_window_serial, co_window_corner_a,
          co_window_cross_1, co_window_paths_a, co_window_of_opportunity_a,
          co_window_corner_a, co_window_cross_1, co_window_paths_a,
          co_window_broadway_b, co_window_of_opportunity_c, co_window_corner_ca,
          co_window_broadway_a, co_window_2corner, co_window_4corner_b,
          glass_columns_b, glass_columns_c, glass_columns_a, glass_columns_a,
          grunt_ministairs_11, minmay_misc_feat_five, uniq_menkaure,
          uniq_edmund, uniq_blork_the_orc

Notes
Turn   | Place    | Note
-------+----------+-------------------------------------------
     0 | Abyss:1  | spiderkeys the Mummy Abyssal Knight began the quest for the
                  | Orb.
     0 | Abyss:1  | Reached XP level 1. HP: 18/18 MP: 2/2
     0 | Abyss:1  | magus.rc [v1.11.3]
    11 | Abyss:1  | Found a corrupted altar of Lugonu.
    44 | Abyss:1  | Found a corrupted altar of Lugonu.
    74 | Abyss:1  | Found a corrupted altar of Lugonu.
    91 | D:1      | You pass through the gate.
    91 | D:1      | Escaped the Abyss
   601 | D:1      | Found Rifilewn's Antique Armour Shop.
   816 | D:1      | Found a faded altar of an unknown god.
  1156 | D:2      | Reached skill level 1 in Dodging
  1219 | D:2      | Reached XP level 2. HP: 21/24 MP: 3/3
  1221 | D:2      | Reached skill level 2 in Invocations
  1224 | D:2      | HP: 1/24 [gnoll/+0 halberd (7)]
  1226 | D:2      | Reached skill level 2 in Armour
  1226 | D:2      | Gained mutation: You are in touch with the powers of death.
                  | [Mummy growth]
  1226 | D:2      | Reached XP level 3. HP: 1/29 MP: 4/4
  1339 | D:2      | Reached skill level 1 in Axes
  2728 | D:1      | HP: 5/29 [gnoll/+0 vorpal flail (3)]
  2730 | D:1      | Reached XP level 4. HP: 5/35 MP: 5/5
  3098 | D:2      | Reached *** piety under Lugonu
  3233 | D:3      | You add the spells Alistair's Intoxication, Borgnjor's Vile
                  | Clutch and Eringya's Noxious Bog to your library.
  3658 | D:3      | You pick up a book of Dreams and begin reading...
  3658 | D:3      | You add the spells Ensorcelled Hibernation and Anguish to
                  | your library.
  3851 | D:4      | Noticed a black bear
  3859 | D:4      | Killed a black bear
  3860 | D:4      | Reached skill level 4 in Fighting
  3860 | D:4      | Reached skill level 2 in Axes
  3860 | D:4      | Reached skill level 3 in Invocations
  3860 | D:4      | Reached XP level 5. HP: 33/42 MP: 7/7
  4256 | D:4      | Reached XP level 6. HP: 47/48 MP: 8/8
  4258 | D:4      | Noticed Blork the orc
  4259 | D:4      | Noticed Menkaure
  4282 | D:4      | HP: 10/48 [Blork the orc/magic dart (3)]
  4284 | D:4      | Killed from afar by Blork the orc

Vanquished Creatures
  A black bear (D:4)
  A howler monkey (D:4)
  A jelly (D:4)
  7 gnolls
  3 adders (D:3)
  A dart slug (D:3)
  4 endoplasms
  2 giant cockroaches (D:2)
  5 goblins
  A hobgoblin (D:3)
  2 jackals (D:3)
  3 kobolds
  2 quokkas
  4 ball pythons
  5 bats
  3 frilled lizards
  6 rats
51 creatures vanquished.

Table legend:
 A = Non-vault XP
 B = Vault XP
 C = Vault XP percentage of total XP
 D = Non-vault monster count
 E = Vault monster count
 F = Vault count percentage of total count
                 A         B        C        D         E       F
            +---------+---------+-------+---------+---------+-------
      Total |     422 |       0 |   0.0 |      51 |       0 |   0.0
            +---------+---------+-------+---------+---------+-------
        D:1 |      18 |       0 |   0.0 |       5 |       0 |   0.0
        D:2 |      96 |       0 |   0.0 |      20 |       0 |   0.0
        D:3 |      77 |       0 |   0.0 |      18 |       0 |   0.0
        D:4 |     231 |       0 |   0.0 |       8 |       0 |   0.0
            +---------+---------+-------+---------+---------+-------

Illustrated notes

Table legend:
 A = Kills in this place as a percentage of kills in entire the game.
 B = Kills by you in this place as a percentage of kills by you in the entire game.
 C = Kills by friends in this place as a percentage of kills by friends in the entire game.
 D = Other kills in this place as a percentage of other kills in the entire game.
 E = Experience gained in this place as a percentage of experience gained in the entire game.
 F = Experience gained in this place divided by the number of levels of this place that you have seen.
                   A       B       C       D       E      F
               +-------+-------+-------+-------+-------+----------------------
         Total | 100.0 | 100.0 |   N/A |   N/A | 100.0 |  84.4
       Dungeon | 100.0 | 100.0 |   N/A |   N/A | 100.0 | 105.5
               +-------+-------+-------+-------+-------+----------------------

Table legend: (Time is in decaauts)
 A = Elapsed time spent in this place.
 B = Non-inter-level travel time spent in this place.
 C = Inter-level travel time spent in this place.
 D = Time resting spent in this place.
 E = Time spent auto-exploring this place.
 F = Levels seen in this place.
 G = Mean time per level.
                   A        B        C        D        E       F      G
               +--------+--------+--------+--------+--------+-----+--------+
         Total |   4314 |   4198 |    116 |   1132 |   2493 |   5 |  862.8 |
       Dungeon |   4223 |   4107 |    116 |   1132 |   2482 |   4 | 1055.8 |
         Abyss |     91 |     91 |      0 |      0 |     11 |   1 |   91.0 |
               +--------+--------+--------+--------+--------+-----+--------+

Top non-repeatable levels by time:
     D:1: 1627 daAuts
     D:2: 1510 daAuts
     D:3: 609 daAuts
     D:4: 475 daAuts
 Abyss:1: 91 daAuts
